 Dungeon Crawl Stone Soup version 0.24-a0-235-g3f03afcf10 (webtiles) character file.

Game seed: 7360289646781859911

540 Redear the Shield-Bearer (level 7, -8/49 HPs)
             Began as an Octopode Fighter on Apr 5, 2019.
             Was an Initiate of Cheibriados.
             Splashed by a jelly's acid (10 damage)
             ... on level 5 of the Dungeon.
             The game lasted 00:10:32 (3730 turns).

Redear the Shield-Bearer (Octopode Fighter)         Turns: 3730, Time: 00:10:32

Health: -8/49      AC: -11   Str: 16    XL:     7   Next: 26%
Magic:  7/7        EV: 16    Int: 13    God:    Cheibriados [......]
Gold:   169        SH:  0    Dex: 16    Spells: 6/6 levels left

rFire    . . .     SeeInvis .   a - +0 long sword
rCold    . . .     Gourm    .   (no shield)
rNeg     . . .     Faith    .   g - +0 hat
rPois    .         Spirit   .   (no amulet)
rElec    .         Reflect  .   x - ring of stealth {Stlth+}
rCorr    .         Harm     .   j - +3 ring of dexterity
MR       .....                  (no ring)
Stlth    ++++......             (no ring)
HPRegen  0.56/turn              (no ring)
MPRegen  0.10/turn              (no ring)
                                (no ring)
                                (no ring)

@: corroded, hasted, quick
A: almost no armour, stealthy swim, amphibious, 8 rings, constrict 8, camouflage
1, blurry vision 1, regeneration 1, gelatinous body 1
a: Bend Time, Renounce Religion


You were on level 5 of the Dungeon.
You worshipped Cheibriados.
Cheibriados was noncommittal.
You were hungry.

You visited 1 branch of the dungeon, and saw 5 of its levels.

You collected 169 gold pieces.

Inventory:

Hand Weapons
 a - a +0 long sword (weapon)
 f - a +1 spear of venom
 l - a cursed -2 dagger
Missiles
 k - 6 javelins (quivered)
 v - 7 tomahawks
Armour
 b - a +0 shield
 g - a +0 hat (worn)
Jewellery
 j - a +3 ring of dexterity (right tentacle)
 x - a ring of stealth (left tentacle) {Stlth+}
Scrolls
 i - a scroll of fear {unknown}
 m - a scroll of amnesia {unknown}
 q - 2 scrolls of remove curse {unknown}
 s - 3 scrolls of enchant weapon {unknown}
 t - 2 scrolls of blinking {unknown}
 M - 2 scrolls of magic mapping
 R - 2 scrolls of identify
Potions
 c - a potion of brilliance {Archmagi Int+5 Wiz++}
 n - a potion of magic {unknown}
 o - a potion of degeneration {!q}
 r - a potion of ambrosia {unknown}
 u - a potion of heal wounds {unknown}
 w - a potion of agility {unknown}
 Q - 2 potions of curing
Comestibles
 z - 5 rations


   Skills:
 + Level 4.5 Fighting
 + Level 4.0 Long Blades
 + Level 4.5 Dodging
 + Level 2.8 Stealth
 + Level 4.7 Shields


You had 6 spell levels left.
You didn't know any spells.
Your spell library was empty.

Dungeon Overview and Level Annotations

Branches:
Dungeon (5/15)
 Temple: D:4-7

Altars:
Cheibriados
Dithmenos
Elyvilon
Gozag
Kikubaaqudgha
Qazlal
Yredelemnul
Zin

Annotations:
D:2 2 transporters, Menkaure


Innate Abilities, Weirdness & Mutations

You cannot wear most types of armour.
You are very stealthy in the water. (Stealth+)
You are amphibious.
You can wear up to eight rings at the same time.
You can use your tentacles to constrict eight enemies at once.
Your skin changes colour to match your surroundings (Stealth+).
Your rubbery body absorbs attacks. (AC +1, EV +1)
Scrolls take you a little longer to read.
Your natural rate of healing is unusually fast.


Message History

You squeeze the jelly, but do no damage.
The jelly is moderately wounded.
The jelly misses you.
You take 5 damage, and have 14/49 hp.
You hit the jelly. The acid corrodes you!
Your tentacles burn!
* * * LOW HITPOINT WARNING * * *
The jelly is moderately wounded.
The jelly hits you.
* * * LOW HITPOINT WARNING * * *
The acid corrodes you!
You are splashed with acid!
* * * LOW HITPOINT WARNING * * *
You take 11 damage, and have 3/49 hp.
MASSIVE DAMAGE!!
It was a potion of mutation.
You feel extremely strange.
You begin to heal more quickly.
You feel weaker.
Your vision blurs.
You feel stronger. The jelly hits you.
* * * LOW HITPOINT WARNING * * *
You are splashed with acid!
You die...

.#....# .....+ +###....#
...... #..!....# #....#
#.......# #....# #.......#
#....# #.......##+###....#
###...J...>......#
.(#...@..........#
########..#..........<...#
#....#....#........(.....#
#....#....#####....#######
#....##'#### +....#
#..........# #....#
#†.........##+#..>.###
+....................#
###....................#


You could see a jelly.

Vanquished Creatures
  A phantom (D:4)
  An ogre (D:4)
  A scorpion (D:5)
  A crimson imp (D:5)
  2 hounds (D:4)
  3 worker ants
  Robin (D:2)
  4 adders
  A howler monkey skeleton (D:4)
  An ooze (D:1)
  2 worms
  4 leopard geckos
  5 bats
  2 giant cockroaches
  16 goblins
  9 hobgoblins
  9 jackals
  2 quokkas
  A ball python (D:4)
  A frilled lizard (D:2)
  5 kobolds
  A quokka zombie (D:5)
  5 rats
78 creatures vanquished.

Notes
Turn   | Place    | Note
-------+----------+-------------------------------------------
     0 | D:1      | Redear the Octopode Fighter began the quest for the Orb.
     0 | D:1      | Reached XP level 1. HP: 16/16 MP: 1/1
    86 | D:1      | Reached XP level 2. HP: 8/21 MP: 2/2
   516 | D:1      | Reached XP level 3. HP: 26/26 MP: 3/3
   762 | D:1      | HP: 2/26 [goblin/+0 dagger (2)]
  1544 | D:2      | Found an opulent altar of Gozag.
  1544 | D:2      | Found a glowing silver altar of Zin.
  1600 | D:2      | Noticed Robin
  1608 | D:2      | HP: 2/26 [goblin/+0 trident[Robin] (9)]
  1613 | D:2      | Killed Robin
  1613 | D:2      | Reached XP level 4. HP: 11/31 MP: 4/4
  1617 | D:2      | HP: 1/31 [goblin[Robin] (4)]
  1765 | D:2      | Noticed a necrophage
  1777 | D:2      | Found a transporter.
  1787 | D:2      | Found an ancient bone altar of Kikubaaqudgha.
  1789 | D:2      | Noticed Menkaure
  1798 | D:2      | Found a basalt altar of Yredelemnul.
  1801 | D:2      | Found a transporter.
  1909 | D:2      | Found a shadowy altar of Dithmenos.
  2062 | D:2      | Found a white marble altar of Elyvilon.
  2320 | D:3      | Reached XP level 5. HP: 35/37 MP: 5/5
  2325 | D:3      | Reached skill level 3 in Long Blades
  2492 | D:3      | Found a stormy altar of Qazlal.
  2858 | D:4      | Reached skill level 4 in Shields
  2890 | D:4      | Reached skill level 4 in Fighting
  2890 | D:4      | Reached skill level 4 in Dodging
  3002 | D:4      | Reached XP level 6. HP: 40/43 MP: 6/6
  3005 | D:4      | Reached skill level 1 in Stealth
  3218 | D:4      | Noticed a phantom
  3235 | D:4      | Killed a phantom
  3235 | D:4      | Reached skill level 2 in Stealth
  3279 | D:4      | Found a snail-covered altar of Cheibriados.
  3398 | D:4      | Became a worshipper of Cheibriados the Contemplative
  3463 | D:4      | Reached XP level 7. HP: 45/49 MP: 7/7
  3584 | D:5      | Entered Level 5 of the Dungeon
  3670 | D:5      | Reached skill level 4 in Long Blades
  3729 | D:5      | HP: 3/49 [acid (9)]
  3730 | D:5      | Gained mutation: Your natural rate of healing is unusually
                  | fast. [potion of mutation]
  3730 | D:5      | Gained mutation: You are weak. (Str -2) [potion of
                  | mutation]
  3730 | D:5      | Gained mutation: Scrolls take you a little longer to read.
                  | [potion of mutation]
  3730 | D:5      | Lost mutation: You are weak. (Str -2) [potion of mutation]
  3730 | D:5      | Splashed by a jelly's acid

Levels and vault maps discovered:
D:1:      lemuel_arrival_lava_pool, layout_basic
D:2:      layout_loops_ring, grunt_temple_overflow_gold_and_silver,
          gammafunk_temple_of_torment, elyvilon_altar_3, grunt_dithmenos_smoke,
          uniq_robin
D:3:      layout_basic, lemuel_doored_altar
D:4:      layout_basic, cheibriados_altar_1, first_ration
D:5:      layout_gridville, nicolae_ru_the_path_less_chosen,
          minmay_temple_entry_junction, uniq_grinder, uniq_ijyb

Skill      XL: |  1  2  3  4  5  6  7 |
---------------+----------------------+-----
Long Blades    | 3 4 |  4.0
Shields        | 4 |  4.7
Fighting       | 4 |  4.5
Dodging        | 4 |  4.5
Stealth        | 2 |  2.8

Action                   |  1- 3 |  4- 6 |  7- 9 || total
-------------------------+-------+-------+-------++-------
Melee: Long sword        |    62 |    73 |    10 ||   145
       Tentacles         |    19 |    21 |     6 ||    46
       Constrict         |    18 |    21 |     4 ||    43
  Use: Potion            |     2 |     1 |     2 ||     5
       Scroll            |       |     4 |       ||     4
 Stab: Sleeping          |     1 |     8 |     3 ||    12
  Eat: Chunk             |     2 |     2 |     1 ||     5
       Ration            |       |     1 |       ||     1
Armor: Skin              |    10 |     3 |       ||    13
Dodge: Dodged            |    48 |    56 |     5 ||   109
Block: Shield            |     1 |       |       ||     1
       Rpst.: Long sword |    18 |    19 |     1 ||    38

Table legend:
 A = Non-vault XP
 B = Vault XP
 C = Vault XP percentage of total XP
 D = Non-vault monster count
 E = Vault monster count
 F = Vault count percentage of total count
                 A         B        C        D         E       F
            +---------+---------+-------+---------+---------+-------
      Total |     732 |      40 |   5.2 |      65 |      13 |  16.7
            +---------+---------+-------+---------+---------+-------
        D:1 |      43 |       0 |   0.0 |      21 |       0 |   0.0
        D:2 |      48 |      40 |  45.5 |      18 |      13 |  41.9
        D:3 |      75 |       0 |   0.0 |      11 |       0 |   0.0
        D:4 |     445 |       0 |   0.0 |      11 |       0 |   0.0
        D:5 |     121 |       0 |   0.0 |       4 |       0 |   0.0
            +---------+---------+-------+---------+---------+-------
